 Dungeon Crawl Stone Soup version 0.31.0-32-g396128a36d (webtiles) character file.

Game seed: 15171798720640246562

48 SacredBeard the Vexing (level 3, 0/26 HPs)
             Began as a Vampire Enchanter on Apr 1, 2024.
             Frozen to death by an endoplasm (5 damage)
             ... on level 2 of the Dungeon.
             The game lasted 00:02:47 (1152 turns).

SacredBeard the Vexing (Vampire Enchanter)          Turns: 1152, Time: 00:02:48

Health: 0/26       AC:  3    Str:  7    XL:     3   Next: 50%
Magic:  6/6        EV: 12    Int: 19    God:
Gold:   38         SH:  0    Dex: 14    Spells: 6/6 levels left

rFire   . . .        a - +1 dagger
rCold   . . .        (no shield)
rNeg    . . .        b - +0 robe
rPois   .            (no helmet)
rElec   .            (no cloak)
rCorr   .            l - +0 pair of gloves
SInv    +            (no boots)
Will    .....        e - amulet of magic regeneration
Stlth   +++          (no ring)
HPRegen 0.44/turn    (no ring)
MPRegen 0.50/turn

%: no passive effects
@: lethally poisoned (0 -> -4), healing quickly
A: alive, fangs 3, see invisible, vampiric 2
a: Exsanguinate


You were on level 2 of the Dungeon.
You visited 1 branch of the dungeon, and saw 2 of its levels.

You collected 38 gold pieces.

Inventory:

Hand Weapons
 a - a +1 dagger (weapon)
Armour
 b - a +0 robe (worn)
 l - a +0 pair of gloves (worn)
Jewellery
 e - an amulet of magic regeneration (around neck)
Scrolls
 d - 2 scrolls of poison {unknown}
 f - a scroll of identify {unknown}
 g - 3 scrolls of blinking {unknown}
 h - a scroll of fear {unknown}
Potions
 c - 2 potions of invisibility
 i - a potion of resistance {unknown}
 j - a potion of haste {unknown}
 k - 2 potions of lignification {unknown}


   Skills:
 + Level 1.4 Fighting
 * Level 3.2 Short Blades
 - Level 2.1 Dodging
 - Level 4.4 Stealth
 - Level 2.0 Spellcasting
 - Level 4.4 Hexes


You had 6 spell levels left.
You didn't know any spells.
Your spell library contained the following spells:

 Spells                   Type           Power      Damage    Failure   Level
 Confusing Touch          Hex            18%        N/A       9%          3
 Tukima's Dance           Hex            18%        N/A       9%          3
 Ensorcelled Hibernation  Hex/Ice        20%        N/A       11%         2
 Summon Small Mammal      Summ           4%         N/A       17%         1
 Dazzling Flash           Conj/Hex       20%        N/A       21%         3
 Call Canine Familiar     Summ           1%         N/A       45%         3
 Summon Blazeheart Golem  Fire/Summ      1%         N/A       86%         4


Dungeon Overview and Level Annotations

Branches:
Dungeon (2/15)

Altars:


Innate Abilities, Weirdness & Mutations

Your natural rate of healing is accelerated.
You have razor-sharp teeth.
You have supernaturally acute eyesight. (SInv)
You are afflicted with vampirism and can become a bat while bloodless.


Message History

You are frozen.
The adder barely misses you.
You closely miss the adder.
The adder is moderately wounded.
The adder closely misses you.
You closely miss the adder.
The adder is moderately wounded.
The endoplasm barely misses you. The adder bites you.
You closely miss the adder. Your bite misses the adder.
The adder is moderately wounded.
The endoplasm freezes you.
You are frozen.
The adder barely misses you.
You completely miss the adder.
The adder is moderately wounded.
The adder barely misses you. The endoplasm freezes you.
You are frozen.
You closely miss the adder.
The adder is moderately wounded.
The adder bites you but does no damage. The endoplasm freezes you.
You are frozen.
You are too injured to fight recklessly!
You are too injured to fight recklessly!
You are too injured to fight recklessly!
You are too injured to fight recklessly!
You closely miss the adder. Your bite misses the adder.
The adder is moderately wounded.
The adder bites you.
You are poisoned.
The adder poisons you! The endoplasm freezes you.
You are frozen.
The adder bites you.
* * * LOW HITPOINT WARNING * * *
You barely miss the adder.
The adder is moderately wounded.
* * * LOW HITPOINT WARNING * * *
You feel sick. The endoplasm freezes you.
You are frozen.
You die...

###### #### .....## #..
#...).# #.#
#.....######.####
......##........#
......##.###.##.# #
.........# #.##.##.#
......#### #....@..#
......# ###..JS.#
......# #........
.....##########.##.##.#
....#......[# ... .# #
###.#.......##.#. .#
###.#.......##. . #
.....>......###
###.#.......#


You could see an adder and an endoplasm.

Vanquished Creatures
  A ribbon worm (D:2)
  4 endoplasms
  9 goblins
  A hobgoblin (D:2)
  4 jackals (D:2)
  4 kobolds
  A quokka (D:1)
  5 ball pythons
  6 bats
  A frilled lizard (D:1)
  4 rats
40 creatures vanquished.

Notes
Turn   | Place    | Note
-------+----------+-------------------------------------------
     0 | D:1      | SacredBeard the Vampire Enchanter began the quest for the
                  | Orb.
     0 | D:1      | Reached XP level 1. HP: 13/13 MP: 3/3
   157 | D:1      | Reached XP level 2. HP: 20/20 MP: 5/5
   607 | D:1      | Reached skill level 1 in Fighting
   855 | D:2      | Gained mutation: You are afflicted with vampirism and can
                  | become a bat while bloodless. [Vampire growth]
   855 | D:2      | Reached XP level 3. HP: 22/26 MP: 6/6
  1152 | D:2      | Frozen to death by an endoplasm

Illustrated notes

Levels and vault maps discovered:
D:1:      amcnicky_arrival_choice, layout_loops_corners
D:2:      kennysheep_the_goblin_king, layout_loops_cross, basic_altar

Skill      XL: |  1  2  3 |
---------------+----------+-----
Short Blades   | 2 3 |  3.2
Fighting       | 1 |  1.4
Dodging        | |  2.1
Stealth        | |  4.4
Spellcasting   | |  2.0
Hexes          | |  4.4

Action                     || total
---------------------------++-------
  Melee: Dagger            ||   128
         Bite              ||    11
   Stab: Sleeping          ||     6
 Armour: Robe              ||    58
  Dodge: Dodged            ||    64
